Map: Reclamation LE

Players

MattBarry - Winner!

  • Race: Terran Terran
  • League: Gold
  • Spawn Location: 12:00

MattBarry - Winner!

  • Race: Zerg Zerg
  • League: Silver
  • Spawn Location: 11:00

mizzll

  • Race: Protoss Protoss
  • Spawn Location: 5:00

pilgrimbizkt

  • Race: Zerg Zerg
  • Spawn Location: 6:00

VOD

Have the link to the VOD?

Description

Time

  • Played on: Jan. 19, 2023, 10:02 p.m.
  • Length: 15:22
Show
View Real Time Build Order
Export as new Build Order

MattBarry Terran - Winner!

Build Orders: 2 Factory, Gas First Reaper Expand, Mech 

Get SALT Encoding   

  12  0:00  SCV  
  13  0:12  SCV  
  14  0:17  Supply Depot  
  14  0:24  SCV  
  15  0:29  Refinery  
  15  0:38  SCV  
  16  0:47  Barracks  
  16  0:50  SCV  
  17  1:03  SCV  
  18  1:15  SCV  
  19  1:25  Supply Depot  
  19  1:35  Reaper  
  19  1:36  Orbital Command  
  20  1:59  Command Center  
  20  2:03  SCV  
  21  2:08  Factory  
  21  2:10  Barracks Reactor  
  21  2:15  SCV  
  22  2:19  Refinery  
  22  2:27  SCV  
  23  2:44  SCV  
  26  3:27  Hellion x2  
  26  3:29  Factory  
  26  3:30  Orbital Command  
  28  3:35  Barracks Tech Lab  
  28  3:36  SCV  
  31  3:48  Hellion x2  
  31  3:52  SCV  
  34  4:00  Supply Depot  
  34  4:02  Armory, Engineering Bay  
  34  4:04  SCV  
  34  4:07  SCV  
  40  4:10  Hellion x2  
  40  4:16  SCV  
  41  4:19  SCV  
  41  4:23  Refinery  
  42  4:27  Supply Depot  
  42  4:28  SCV  
  42  4:29  Siege Tank  
  48  4:31  Widow Mine, SCV  
  48  4:32  Widow Mine  
  51  4:40  SCV  
  51  4:43  SCV  
  54  4:52  SCV  
  54  4:55  SCV  
  53  5:12  Terran Vehicle Weapons Level 1, Infernal Pre-Igniter  
  53  5:19  Missile Turret  
  53  5:22  Missile Turret  
  53  5:24  Hellion x2, Siege Tank  
  53  5:25  SCV x2  
  62  5:36  Supply Depot  
  62  5:38  Supply Depot  
  62  5:39  Command Center  
  62  5:42  SCV x2  
  64  5:54  SCV x2  
  64  5:55  Widow Mine x2  
  68  6:06  SCV x2  
  66  6:18  SCV x2  
  66  6:21  Hellion x2  
  68  6:26  Siege Tank  
  68  6:28  Refinery  
  68  6:30  SCV x2  
  73  6:39  Starport  
  73  6:43  SCV x2  
  75  6:51  Supply Depot x2  
  75  6:55  SCV x2  
  75  6:56  Orbital Command  
  77  7:02  Refinery  
  77  7:07  SCV x2  
  79  7:14  Factory  
  79  7:16  Factory  
  79  7:19  SCV x2  
  79  7:20  Terran Vehicle Weapons Level 2  
  79  7:22  Starport Reactor  
  85  7:23  Siege Tank, Hellion x2  
  88  7:32  SCV x3  
  88  7:35  Refinery  
  91  7:53  Hellion x2  
  91  7:55  Siege Tank  
  98  8:05  SCV x3  
  101  8:13  Command Center  
  101  8:17  SCV x3, Factory Tech Lab  
  101  8:18  Factory Tech Lab  
  104  8:21  Liberator x2  
  110  8:42  Supply Depot  
  110  8:43  Supply Depot  
  110  8:44  Supply Depot  
  110  8:45  Thor x3  
  110  8:48  Hellion x2  
  132  8:58  Supply Depot x2  
  132  9:01  SCV  
  133  9:04  Liberator x2  
  139  9:15  Widow Mine x2  
  143  9:20  Armory  
  143  9:31  Thor x2  
  155  10:45  Thor x3  
  155  10:46  Hellion x2  
  171  11:34  Thor x2  
  171  11:35  Hellion x2  
  171  11:39  Thor, Terran Vehicle And Ship Armor Level 1  
  193  11:40  Terran Vehicle Weapons Level 3  
  193  11:45  Refinery  
  193  11:46  Planetary Fortress  
  193  11:48  Refinery  
  193  11:49  Command Center  
  176  12:25  Reaper  
  176  12:26  Thor  
  176  12:27  Thor x2  
  176  12:28  Hellion x2  
  193  12:48  Liberator  
  193  12:49  Liberator  
  167  13:20  Thor x3  
  167  13:22  Hellion x2  
  183  14:01  Hellion x2  
  183  14:02  Liberator x2  
  193  14:03  Thor  
  190  14:49  Siege Tank x3  
Show
View Real Time Build Order
Export as new Build Order

MattBarry Zerg - Winner!

Build Orders: Pool First 

Get SALT Encoding   

  12  0:00  Drone  
  13  0:13  Overlord  
  13  0:22  Drone  
  14  0:33  Spawning Pool  
  13  0:40  Drone  
  13  0:42  Drone  
  15  0:45  Extractor  
  15  0:48  Drone  
  15  0:55  Drone  
  16  1:04  Drone  
  17  1:20  Zergling x2  
  18  1:35  Zergling x4  
  20  1:45  Zergling x2  
  21  1:56  Overlord  
  21  2:10  Hatchery  
  20  2:19  Metabolic Boost  
  20  2:25  Queen, Drone x2  
  24  2:41  Zergling x4  
  26  2:47  Baneling Nest  
  26  2:48  Evolution Chamber  
  26  2:49  Drone  
  25  3:04  Queen  
  23  3:36  Queen  
  23  3:38  Overlord  
  23  3:39  Zergling x2  
  23  3:40  Zergling x12  
  32  3:50  Zerg Melee Weapons Level 1  
  30  3:59  Drone  
  30  4:00  Drone x2  
  33  4:11  Drone  
  33  4:12  Queen, Drone  
  37  4:19  Zergling x2  
  37  4:20  Zergling x4  
  40  4:30  Zergling x2  
  40  4:31  Zergling x4  
  43  4:35  Baneling  
  43  4:36  Baneling x5  
  40  4:54  Zergling x8  
  40  4:55  Zergling x4  
  34  5:25  Roach Warren  
  34  5:27  Drone  
  34  5:28  Evolution Chamber, Drone x5  
  34  5:48  Drone  
  34  5:49  Drone x5  
  40  6:10  Zerg Missile Weapons Level 1  
  40  6:12  Roach x2  
  44  6:34  Zerg Ground Armor Level 1  
  44  6:49  Lair  
  44  6:51  Overlord x2  
  44  7:11  Zergling x2  
  44  7:12  Zergling x24  
  57  7:27  Drone x3, Overlord  
  54  8:11  Roach x8  
  66  8:13  Overlord x2  
  66  8:24  Baneling x2  
  66  8:30  Extractor  
  66  8:32  Extractor  
  66  8:34  Extractor  
  63  8:47  Hatchery  
  62  8:49  Roach x2, Zergling x4  
  62  8:50  Zergling x8  
  62  8:54  Hatchery  
  71  9:14  Glial Reconstitution  
  71  9:16  Zergling x2  
  72  9:18  Zergling x2, Overlord x2  
  73  9:26  Baneling  
  73  9:36  Queen x2  
  77  9:40  Drone x2  
  77  9:43  Drone  
  80  10:05  Baneling x7  
  80  10:06  Baneling  
  80  10:11  Queen  
  82  10:14  Ravager  
  83  10:28  Drone x5  
  86  10:29  Drone x6, Overlord x2  
  86  10:30  Overlord x2  
  86  10:32  Roach x3  
  86  10:33  Roach x2  
  92  11:09  Zergling x26  
  47  11:50  Drone x6  
  47  11:51  Drone  
  54  11:54  Spore Crawler x2  
  54  11:56  Drone x3  
  55  12:01  Drone  
  56  12:12  Drone x2  
  58  12:25  Hydralisk Den  
  57  12:33  Queen  
  59  12:39  Spore Crawler x2  
  59  12:41  Spore Crawler  
  59  12:43  Spore Crawler  
  55  12:48  Spore Crawler  
  55  12:50  Spore Crawler  
  53  12:52  Zergling x14  
  53  12:53  Zergling x2, Roach  
  53  12:54  Roach x11  
  53  12:57  Muscular Augments  
  85  13:46  Hydralisk x2  
  85  13:47  Hydralisk x6  
  101  14:02  Zergling x2  
  102  14:03  Zergling x14  
  102  14:09  Grooved Spines  
  109  14:10  Infestation Pit  
  73  14:39  Queen  
  73  14:46  Zergling x2  
  73  14:47  Zergling x22  
  83  15:04  Zergling x2  
Show
View Real Time Build Order
Export as new Build Order

mizzll Protoss 

Build Orders:  

Get SALT Encoding   

  12  0:01  Probe  
  13  0:13  Probe  
  14  0:22  Pylon  
  14  0:25  Probe  
  15  0:40  Gateway  
  15  0:46  Assimilator  
  15  1:07  Gateway  
  15  1:12  Pylon  
  15  1:14  Probe (Chrono Boost)  
  17  1:27  Probe (Chrono Boost)  
  17  1:28  Assimilator  
  17  1:32  Probe (Chrono Boost)  
  18  1:41  Probe  
  19  1:53  Probe  
  20  2:08  Cybernetics Core  
  20  2:09  Pylon  
  20  2:11  Pylon  
  20  2:18  Probe  
  21  2:30  Probe  
  22  2:42  Nexus  
  22  2:45  Stalker  
  21  3:03  Pylon  
  15  3:40  Warp Gate (Chrono Boost)  
  15  3:41  Probe (Chrono Boost)  
  16  3:51  Shield Battery, Probe (Chrono Boost)  
  17  3:56  Probe (Chrono Boost)  
  18  4:02  Stalker  
  18  4:07  Probe  
  21  4:12  Stalker  
  23  4:19  Pylon, Probe  
  24  4:31  Probe (Chrono Boost)  
  25  4:40  Probe (Chrono Boost)  
  25  4:41  Pylon  
  25  4:44  Shield Battery  
  26  4:45  Probe (Chrono Boost)  
  27  4:58  Probe  
  28  5:14  Stalker x2  
  32  5:32  Nexus  
  32  5:44  Probe  
  33  5:52  Forge  
  33  5:56  Probe  
  34  5:58  Gateway  
  33  6:29  Probe  
  34  6:40  Nexus  
  34  6:44  Pylon, Protoss Ground Weapons Level 1 (Chrono Boost)  
  34  6:50  Probe (Chrono Boost)  
  35  6:59  Probe (Chrono Boost)  
  36  7:03  Probe (Chrono Boost)  
  36  7:04  Probe (Chrono Boost)  
  38  7:12  Twilight Council  
  38  7:14  Probe  
  39  7:16  Probe  
  40  7:23  Robotics Facility  
  40  7:26  Probe  
  40  7:27  Gateway  
  41  7:34  Probe  
  42  7:46  Shield Battery, Probe  
  43  7:58  Zealot x3, Probe  
  38  8:05  Photon Cannon  
  40  8:10  Probe  
  40  8:11  Photon Cannon  
  42  8:21  Probe (Chrono Boost)  
  42  8:22  Probe (Chrono Boost)  
  43  8:31  Gateway  
  43  8:33  Probe (Chrono Boost)  
  45  8:35  Pylon, Probe (Chrono Boost)  
  45  8:38  Probe (Chrono Boost)  
  46  8:43  Probe  
  46  8:46  Probe  
  48  8:48  Probe  
  48  8:53  Gateway  
  49  8:58  Probe  
  49  8:59  Probe  
  49  9:01  Assimilator  
  51  9:05  Protoss Shields Level 1 (Chrono Boost)  
  51  9:08  Assimilator  
  51  9:10  Probe  
  51  9:11  Probe  
  51  9:16  Stargate  
  53  9:23  Assimilator  
  53  9:24  Pylon  
  54  9:26  Assimilator, Probe (Chrono Boost)  
  54  9:27  Probe (Chrono Boost)  
  55  9:34  Observer  
  55  9:36  Probe (Chrono Boost)  
  57  9:41  Probe (Chrono Boost)  
  57  9:43  Stargate  
  58  9:49  Stargate  
  58  9:50  Stargate  
  58  9:52  Protoss Air Weapons Level 1, Probe  
  59  9:54  Pylon  
  54  10:05  Probe  
  43  10:15  Immortal (Chrono Boost)  
  43  10:17  Probe  
  48  10:29  Robotics Facility, Probe  
  48  10:33  Robotics Facility  
  49  10:41  Probe  
  50  10:46  Photon Cannon  
  50  10:47  Immortal, Probe  
  55  10:51  Pylon  
  55  10:53  Probe  
  55  10:55  Pylon  
  55  10:56  Shield Battery  
  56  10:57  Shield Battery  
  56  10:59  Probe  
  56  11:01  Photon Cannon  
  57  11:13  Nexus  
  57  11:21  Immortal, Protoss Ground Weapons Level 2  
  61  11:26  Immortal  
  65  11:48  Immortal  
  69  11:57  Pylon  
  69  11:58  Pylon  
  69  12:00  Immortal, Protoss Air Armor Level 1  
  73  12:01  Assimilator  
  42  12:43  Immortal x3  
  34  14:03  Nexus  
  34  14:07  Pylon  
  34  14:10  Pylon  
  34  14:11  Immortal x3  
Show
View Real Time Build Order
Export as new Build Order

pilgrimbizkt Zerg 

Build Orders: Pool First 

Get SALT Encoding   

  12  0:00  Drone  
  13  0:12  Overlord  
  13  0:19  Drone  
  14  0:41  Spawning Pool, Drone  
  14  0:44  Drone  
  14  0:46  Drone  
  16  0:50  Extractor  
  15  0:59  Drone  
  16  1:08  Drone  
  17  1:15  Overlord  
  17  1:29  Hatchery  
  16  1:41  Queen  
  18  1:51  Metabolic Boost  
  19  1:54  Drone  
  19  2:04  Drone x2  
  21  2:19  Queen  
  23  2:32  Drone x3  
  26  2:40  Queen  
  26  2:42  Overlord  
  28  2:45  Zergling x2  
  29  2:52  Zergling x2  
  29  2:53  Zergling x2  
  29  2:54  Zergling x2  
  29  2:57  Zergling x2  
  33  3:06  Zergling x4  
  33  3:08  Zergling x2  
  36  3:20  Zergling x2  
  36  3:21  Zergling x2  
  36  3:24  Zergling x2  
  36  3:34  Zergling x2  
  36  3:39  Drone x4  
  39  3:53  Zergling x4  
  39  3:55  Drone  
  41  4:00  Lair  
  41  4:03  Drone  
  41  4:05  Baneling Nest  
  41  4:06  Zergling x2  
  42  4:15  Zergling x4  
  44  4:18  Overlord x2  
  44  4:19  Overlord  
  43  4:42  Overlord  
  43  4:43  Zergling x8  
  32  5:12  Zergling x6  
  32  5:13  Zergling x10  
  27  5:35  Centrifugal Hooks  
  27  5:37  Queen  
  27  5:38  Drone  
  27  5:39  Drone x5  
  35  5:45  Queen  
  35  5:49  Baneling x2  
  37  5:50  Baneling x2  
  37  5:52  Drone  
  38  5:57  Drone x2  
  38  6:11  Zergling x8  
  36  6:12  Zergling x2  
  36  6:17  Zergling x4  
  41  6:35  Spire  
  41  6:36  Drone  
  41  6:37  Drone x2, Extractor  
  42  6:40  Extractor  
  42  6:41  Drone  
  42  6:42  Extractor  
  42  6:44  Drone  
  42  6:46  Drone  
  43  6:57  Drone x4  
  47  7:04  Queen  
  49  7:19  Drone x5  
  54  7:44  Drone x2  
  54  7:45  Drone x5  
  61  7:58  Hatchery  
  61  8:02  Mutalisk x3  
  65  8:19  Baneling x4  
  64  8:20  Hatchery  
  64  8:22  Mutalisk x4  
  64  8:24  Drone  
  72  8:37  Mutalisk  
  72  8:40  Overlord  
  72  8:41  Overlord x2  
  74  9:10  Drone  
  74  9:11  Drone x12  
  74  9:16  Queen  
  89  9:21  Overlord  
  89  9:25  Overlord  
  89  9:35  Queen  
  91  9:41  Mutalisk  
  91  9:42  Mutalisk x3  
  99  9:52  Queen  
  101  10:00  Mutalisk x5  
  111  10:12  Infestation Pit  
  110  10:14  Extractor  
  110  10:16  Extractor  
  108  10:25  Mutalisk x2  
  112  10:35  Mutalisk  
  114  10:51  Mutalisk x2  
  114  11:14  Mutalisk  
  114  11:15  Mutalisk x2  
  112  11:24  Mutalisk  
  92  11:41  Swarm Host  
  92  11:42  Swarm Host  
  98  11:50  Hatchery  
  97  11:56  Drone x7  
  97  11:57  Drone x4  
  97  11:58  Roach Warren  
  107  12:11  Zergling x2  
  108  12:20  Zergling x2  
  108  12:21  Zergling x2  
  108  12:23  Overlord x4  
  108  12:24  Overlord  
  95  12:43  Glial Reconstitution  
  91  13:14  Roach  
  91  13:15  Roach x11  
  97  13:31  Roach  
  97  13:32  Roach  
  98  13:44  Roach  
  98  13:46  Roach  
  98  13:47  Roach x2  
  106  13:58  Roach x3  
  109  14:07  Roach  
  109  14:08  Roach x4  
  118  14:13  Roach  
  118  14:14  Roach x2  
  124  14:19  Roach  
  107  14:27  Mutalisk, Roach  
  73  14:36  Roach  
  42  14:46  Roach x4  
  45  15:00  Roach  
Tags
 
Add a new tag
Caveats
  • Supply blocks, unpowered buildings, or Contaminate may cause inaccurate times.
  • Supply counts are checked every 10 seconds.